MLB
DETROIT TIGERS @ KANSAS CITY ROYALS
08/08/2041
 
TOP OF THE 1ST
Detroit Tigers batting - Pitching for Kansas City Royals : RHP Cal Griffin
Pitching: RHP Cal Griffin
Batting: LHB Shawn Kline 0-0: Foul Ball, location: 25F
0-1: Ball
1-1: Foul Ball, location: 2F
1-2: Fly out, F8 (Flyball, 8RM, EV 91.3 MPH)
Batting: LHB Luis Arroyo 0-0: Called Strike
0-1: DOUBLE (Flyball, 8RXD, EV 89.4 MPH)
Batting: LHB Gene Keys 0-0: Called Strike
0-1: Swinging Strike
0-2: Foul Ball, location: 23F
0-2: Ball
1-2: Ground out 6-3 (Groundball, 6, EV 89.4 MPH)
Luis Arroyo to third
Batting: RHB Ed Hicks 0-0: Ball
1-0: 2-RUN HOME RUN (Flyball, 78XD, EV 110.0 MPH), Distance : 413 ft
Batting: LHB Víctor Echevarría 0-0: Called Strike
0-1: Called Strike
0-2: Ball
1-2: Foul Ball, location: 2F
1-2: Ball
2-2: Strikes out swinging
Top of the 1st over - 2 runs, 2 hits, 0 errors, 0 left on base; Detroit 2 - Kansas City 0
BOTTOM OF THE 1ST
Kansas City Royals batting - Pitching for Detroit Tigers : LHP Scotty Fields
Pitching: LHP Scotty Fields
Batting: LHB Joe Jacobson 0-0: SINGLE (Line Drive, 89M, EV 103.1 MPH)
Batting: LHB Kade Brown 0-0: Ball
1-0: Ground out 4-3 (Groundball, 4D, EV 100.0 MPH)
Joe Jacobson to second
Batting: LHB Luis Díaz 0-0: Called Strike
0-1: Ground out 5-3 (Groundball, 56, EV 105.0 MPH)
Joe Jacobson to third
Batting: RHB Jerry Hodge 0-0: Swinging Strike
0-1: Ball
1-1: Ball
2-1: Swinging Strike
2-2: Ground out 5-3 (Groundball, 56, EV 98.1 MPH)
Bottom of the 1st over - 0 runs, 1 hit, 0 errors, 1 left on base; Detroit 2 - Kansas City 0
TOP OF THE 2ND
Detroit Tigers batting - Pitching for Kansas City Royals : RHP Cal Griffin
Batting: SHB Jorge Figueroa 0-0: Ball
1-0: Ball
2-0: Swinging Strike
2-1: Ground out 4-3 (Groundball, 4, EV 82.5 MPH)
Batting: RHB Lião Palma 0-0: Foul Ball, location: 9LDF
0-1: Swinging Strike
0-2: Ball
1-2: Foul Ball, location: 9LMF
1-2: Ball
2-2: Ball
3-2: Ground out 5-3 (Groundball, 56, EV 96.9 MPH)
Batting: LHB Sam Brock 0-0: SINGLE (Line Drive, 9LS, EV 98.1 MPH)
Batting: RHB José Castillo 0-0: Ball
1-0: Ball
2-0: Called Strike
2-1: SINGLE (Groundball, 5D, EV 99.4 MPH)
Sam Brock to second
Batting: LHB Shawn Kline 0-0: Foul Ball, location: 2F
0-1: Swinging Strike
0-2: Ball
1-2: Ball
2-2: 3-RUN HOME RUN (Flyball, 89XD, EV 107.5 MPH), Distance : 420 ft
Batting: LHB Luis Arroyo 0-0: Ball
1-0: Foul Ball, location: 2F
1-1: Fly out, F8 (Flyball, 8RD, EV 103.1 MPH)
Top of the 2nd over - 3 runs, 3 hits, 0 errors, 0 left on base; Detroit 5 - Kansas City 0
BOTTOM OF THE 2ND
Kansas City Royals batting - Pitching for Detroit Tigers : LHP Scotty Fields
Batting: SHB Joseph Tornatore 0-0: Foul Ball, location: 25FF
0-1: SINGLE (Line Drive, 89S, EV 89.4 MPH)
Batting: RHB Nate Smith 0-0: Ball
1-0: Ball
2-0: Foul Ball, location: 7LSFF
2-1: DOUBLE (Line Drive, 9LM, EV 104.4 MPH)
Joseph Tornatore to third
Batting: RHB Augusto Guerra 0-0: Ground out 5-3 (Groundball, 56S, EV 86.9 MPH)
Batting: RHB Steve Anderson 0-0: Fly out, F6 (Popup, 4M, EV 75.0 MPH)
Batting: RHB Humberto Benizi 0-0: Ground out 1-3 (Groundball, 13S, EV 64.4 MPH)
Bottom of the 2nd over - 0 runs, 2 hits, 0 errors, 2 left on base; Detroit 5 - Kansas City 0
TOP OF THE 3RD
Detroit Tigers batting - Pitching for Kansas City Royals : RHP Cal Griffin
Batting: LHB Gene Keys 0-0: Called Strike
0-1: Ball
1-1: Ball
2-1: DOUBLE (Flyball, 8RXD, EV 111.3 MPH)
Batting: RHB Ed Hicks 0-0: Ball
1-0: Called Strike
1-1: Ground out 5-3 (Groundball, 56S, EV 83.1 MPH)
Batting: LHB Víctor Echevarría 0-0: Ball
1-0: Foul Ball, location: 25F
1-1: Foul Ball, location: 2F
1-2: Strikes out swinging
Pitching: RHP Eric Pearson
Batting: SHB Jorge Figueroa 0-0: Called Strike
0-1: Swinging Strike
0-2: Strikes out looking
Top of the 3rd over - 0 runs, 1 hit, 0 errors, 1 left on base; Detroit 5 - Kansas City 0
BOTTOM OF THE 3RD
Kansas City Royals batting - Pitching for Detroit Tigers : LHP Scotty Fields
Batting: LHB Joe Jacobson 0-0: Called Strike
0-1: Called Strike
0-2: Ball
1-2: Foul Ball, location: 9LSF
1-2: Ball
2-2: Ball
3-2: Foul Ball, location: 3F
3-2: Ground out U3 (Groundball, 3, EV 99.4 MPH)
Batting: LHB Kade Brown 0-0: Fly out, F7 (Flyball, 78M, EV 93.1 MPH)
Batting: LHB Luis Díaz 0-0: Ball
1-0: Called Strike
1-1: Ball
2-1: Fly out, F7 (Flyball, 78S, EV 95.0 MPH)
Bottom of the 3rd over - 0 runs, 0 hits, 0 errors, 0 left on base; Detroit 5 - Kansas City 0
TOP OF THE 4TH
Detroit Tigers batting - Pitching for Kansas City Royals : RHP Eric Pearson
Batting: RHB Lião Palma 0-0: Ball
1-0: Ball
2-0: Swinging Strike
2-1: Foul Ball, location: 3F
2-2: DOUBLE (Line Drive, 89M, EV 95.0 MPH)
Batting: LHB Sam Brock 0-0: Fly out, F5 (Popup, 5, EV 70.6 MPH)
Batting: RHB José Castillo 0-0: Ball
1-0: Ball
2-0: Ball
3-0: Called Strike
3-1: Base on Balls
Batting: LHB Shawn Kline 0-0: Called Strike
0-1: Called Strike
0-2: Foul Ball, location: 25F
0-2: Grounds into double play, 4-6-3 (Groundball, 34, EV 106.9 MPH)
Top of the 4th over - 0 runs, 1 hit, 0 errors, 1 left on base; Detroit 5 - Kansas City 0
BOTTOM OF THE 4TH
Kansas City Royals batting - Pitching for Detroit Tigers : LHP Scotty Fields
Batting: RHB Jerry Hodge 0-0: Foul Ball, location: 7LDF
0-1: Ball
1-1: Swinging Strike
1-2: Foul Ball, location: 2F
1-2: Ball
2-2: Foul Ball, location: 9LMF
2-2: Fly out, F9 (Flyball, 9LSF, EV 80.6 MPH)
Batting: SHB Joseph Tornatore 0-0: Called Strike
0-1: Fly out, F8 (Flyball, 89M, EV 92.5 MPH)
Batting: RHB Nate Smith 0-0: Ball
1-0: Foul Ball, location: 23F
1-1: Ball
2-1: Fly out, F9 (Flyball, 89XD, EV 111.3 MPH)
Bottom of the 4th over - 0 runs, 0 hits, 0 errors, 0 left on base; Detroit 5 - Kansas City 0
TOP OF THE 5TH
Detroit Tigers batting - Pitching for Kansas City Royals : RHP Eric Pearson
Batting: LHB Luis Arroyo 0-0: Ball
1-0: Swinging Strike
1-1: SINGLE (Flyball, 6D, EV 93.8 MPH)
Batting: LHB Gene Keys 0-0: Foul Ball, location: 9LMF
0-1: Fly out, F7 (Flyball, 7, EV 85.6 MPH)
Batting: RHB Ed Hicks 0-0: Ball
1-0: Fly out, F9 (Flyball, 9D, EV 90.6 MPH)
Batting: LHB Víctor Echevarría 0-0: Called Strike
Luis Arroyo steals 2nd base
0-1: Called Strike
0-2: Strikes out swinging
Top of the 5th over - 0 runs, 1 hit, 0 errors, 1 left on base; Detroit 5 - Kansas City 0
BOTTOM OF THE 5TH
Kansas City Royals batting - Pitching for Detroit Tigers : LHP Scotty Fields
Batting: RHB Augusto Guerra 0-0: Foul Ball, location: 5F
0-1: Called Strike
0-2: Fly out, F3 (Popup, 3S, EV 73.8 MPH)
Batting: RHB Steve Anderson 0-0: Called Strike
0-1: Ball
1-1: Ground out 4-3 (Groundball, 34, EV 102.5 MPH)
Batting: RHB Humberto Benizi 0-0: Ball
1-0: Called Strike
1-1: Swinging Strike
1-2: Ball
2-2: Ground out U3 (Groundball, 34, EV 82.5 MPH)
Bottom of the 5th over - 0 runs, 0 hits, 0 errors, 0 left on base; Detroit 5 - Kansas City 0
TOP OF THE 6TH
Detroit Tigers batting - Pitching for Kansas City Royals : RHP Eric Pearson
Batting: SHB Jorge Figueroa 0-0: Ball
1-0: Foul Ball, location: 3F
1-1: Swinging Strike
1-2: Ball
2-2: SINGLE (Line Drive, 4D, EV 101.3 MPH)
Batting: RHB Lião Palma 0-0: Called Strike
0-1: Ball
1-1: Swinging Strike
1-2: Foul Ball, location: 2RF
1-2: Strikes out swinging
Batting: LHB Sam Brock 0-0: Called Strike
0-1: SINGLE (Groundball, 3L, EV 86.9 MPH)
Jorge Figueroa to second
Batting: RHB José Castillo 0-0: Called Strike
Jorge Figueroa steals 3rd base
0-1: Fly out, F7 (Flyball, 7D, EV 97.5 MPH)
Runner from 3rd tags up, SCORES, no throw by LF
Batting: LHB Shawn Kline 0-0: Ball
1-0: Swinging Strike
1-1: Called Strike
1-2: Ball
2-2: Ball
3-2: Foul Ball, location: 2F
3-2: Strikes out looking
Top of the 6th over - 1 run, 2 hits, 0 errors, 1 left on base; Detroit 6 - Kansas City 0
BOTTOM OF THE 6TH
Kansas City Royals batting - Pitching for Detroit Tigers : LHP Scotty Fields
Batting: LHB Joe Jacobson 0-0: Called Strike
0-1: Ball
1-1: Called Strike
1-2: Ball
2-2: Foul Ball, location: 7LDF
2-2: SINGLE (Line Drive, 56D, EV 103.8 MPH)
Batting: LHB Kade Brown 0-0: Ball
1-0: Ball
Joe Jacobson steals 2nd base
2-0: Called Strike
2-1: Ground out 4-3 (Groundball, 4M, EV 90.6 MPH)
Joe Jacobson to third
Batting: LHB Luis Díaz 0-0: Called Strike
0-1: Ball
1-1: 2-RUN HOME RUN (Line Drive, 9D, EV 108.8 MPH), Distance : 417 ft
Batting: RHB Jerry Hodge 0-0: Called Strike
0-1: Ball
1-1: Foul Ball, location: 5F
1-2: Foul Ball, location: 3FF
1-2: SOLO HOME RUN (Flyball, 7D, EV 103.1 MPH), Distance : 386 ft
Batting: SHB Joseph Tornatore 0-0: Called Strike
0-1: SINGLE (Line Drive, 7LS, EV 108.1 MPH)
Batting: RHB Nate Smith 0-0: Ball
1-0: Ball
2-0: Grounds into double play, 4-6-3 (Groundball, 4, EV 80.6 MPH)
Bottom of the 6th over - 3 runs, 4 hits, 0 errors, 0 left on base; Detroit 6 - Kansas City 3
TOP OF THE 7TH
Detroit Tigers batting - Pitching for Kansas City Royals : RHP Eric Pearson
Batting: LHB Luis Arroyo 0-0: Called Strike
0-1: Swinging Strike
0-2: Ground out 4-3 (Groundball, 34D, EV 85.0 MPH)
Batting: LHB Gene Keys 0-0: Foul Ball, location: 2LF
0-1: Foul Ball, location: 3SF
0-2: Ground out 3-1 (Groundball, 34, EV 88.8 MPH)
Batting: RHB Ed Hicks 0-0: Foul Ball, location: 5DF
0-1: Ball
1-1: Called Strike
1-2: Fly out, F8 (Flyball, 8LS, EV 85.0 MPH)
Top of the 7th over - 0 runs, 0 hits, 0 errors, 0 left on base; Detroit 6 - Kansas City 3
BOTTOM OF THE 7TH
Kansas City Royals batting - Pitching for Detroit Tigers : LHP Scotty Fields
Batting: RHB Augusto Guerra 0-0: Called Strike
0-1: Ball
1-1: Foul Ball, location: 2F
1-2: Foul Ball, location: 2F
1-2: Strikes out swinging
Batting: RHB Steve Anderson 0-0: Ball
1-0: Ground out 6-3 (Groundball, 56, EV 78.1 MPH)
Batting: RHB Humberto Benizi 0-0: Ball
1-0: Foul Ball, location: 2F
1-1: Called Strike
1-2: Ball
2-2: Ball
3-2: Ground out 6-3 (Groundball, 6, EV 100.6 MPH)
Bottom of the 7th over - 0 runs, 0 hits, 0 errors, 0 left on base; Detroit 6 - Kansas City 3
TOP OF THE 8TH
Detroit Tigers batting - Pitching for Kansas City Royals : RHP Eric Pearson
Pitching: RHP Christian Noonan
Batting: LHB Víctor Echevarría 0-0: Called Strike
0-1: Foul Ball, location: 2F
0-2: Ball
1-2: Foul Ball, location: 7LSF
1-2: Ball
2-2: Ball
3-2: Strikes out swinging
Batting: SHB Jorge Figueroa 0-0: Ball
1-0: Called Strike
1-1: Ball
2-1: Swinging Strike
2-2: Foul Ball, location: 3F
2-2: Ball
3-2: Strikes out looking
Batting: RHB Lião Palma 0-0: Ground out 5-3 (Groundball, 56, EV 90.0 MPH)
Top of the 8th over - 0 runs, 0 hits, 0 errors, 0 left on base; Detroit 6 - Kansas City 3
BOTTOM OF THE 8TH
Kansas City Royals batting - Pitching for Detroit Tigers : LHP Scotty Fields
Now at 2B: Joaquín Medina
Batting: LHB Joe Jacobson 0-0: Called Strike
0-1: Ball
1-1: Ball
2-1: Foul Ball, location: 2F
2-2: Ball
3-2: Foul Ball, location: 9LSF
3-2: Base on Balls
Batting: LHB Kade Brown 0-0: Ball
1-0: Called Strike
1-1: Ball
2-1: Ball
3-1: Base on Balls
Joe Jacobson to second
Batting: LHB Luis Díaz 0-0: Fly out, F7 (Flyball, 7, EV 76.9 MPH)
Batting: RHB Jerry Hodge 0-0: Foul Ball, location: 2RF
0-1: Called Strike
0-2: SINGLE (Groundball, 56S, EV 74.4 MPH) (infield hit)
Joe Jacobson to third
Kade Brown to second
Batting: SHB Joseph Tornatore 0-0: Ball
1-0: Swinging Strike
1-1: Ball
2-1: Ball
3-1: Called Strike
3-2: Grounds into double play, 6-2-3 (Groundball, 6, EV 82.5 MPH)
Bottom of the 8th over - 0 runs, 1 hit, 0 errors, 2 left on base; Detroit 6 - Kansas City 3
TOP OF THE 9TH
Detroit Tigers batting - Pitching for Kansas City Royals : RHP Christian Noonan
Pitching: RHP Andy McClendon
Batting: LHB Sam Brock 0-0: Foul Ball, location: 3SF
0-1: Ground out 1-3 (Groundball, 13S, EV 75.6 MPH)
Batting: RHB José Castillo 0-0: Called Strike
0-1: Ball
1-1: Foul Ball, location: 9LMF
1-2: Ground out 5-3 (Groundball, 56S, EV 67.5 MPH)
Batting: LHB Shawn Kline 0-0: Ball
1-0: Fly out, F8 (Flyball, 89M, EV 93.8 MPH)
Top of the 9th over - 0 runs, 0 hits, 0 errors, 0 left on base; Detroit 6 - Kansas City 3
BOTTOM OF THE 9TH
Kansas City Royals batting - Pitching for Detroit Tigers : LHP Scotty Fields
Pitching: RHP António Delallana
Batting: RHB Nate Smith 0-0: DOUBLE (Line Drive, 9LS, EV 101.3 MPH)
Pinch Hitting: LHB José Cardenas 0-0: Called Strike
0-1: Called Strike
0-2: Foul Ball, location: 3F
0-2: Strikes out looking
Pinch Hitting: LHB Tomás Rodríguez 0-0: Called Strike
0-1: Ground out 4-3 (Groundball, 34, EV 88.8 MPH)
Nate Smith to third
Pinch Hitting: RHB Del Koopman 0-0: Ball
1-0: Ball
2-0: Ball
3-0: Called Strike
3-1: Called Strike
3-2: Strikes out swinging
Bottom of the 9th over - 0 runs, 1 hit, 0 errors, 1 left on base; Detroit 6 - Kansas City 3
Sunday, March 24th , 2024 - OOTP Baseball 24.10 Build 82